 Dungeon Crawl Stone Soup version 0.29.0-11-gd7f09526c8 (webtiles) character file.

Game seed: 17114438904027596017

30 awesomegowd the Trooper (level 3, 0/33 HPs)
             Began as a Hill Orc Fighter on Sept 3, 2022.
             Slain by an adder (2 damage)
             ... on level 2 of the Dungeon.
             The game lasted 00:05:12 (1145 turns).

awesomegowd the Trooper (Hill Orc Fighter)          Turns: 1145, Time: 00:05:13

Health: 0/33       AC:  7    Str: 20    XL:     3   Next: 20%
Magic:  3/3        EV: 10    Int:  8    God:
Gold:   67         SH:  4    Dex: 10    Spells: 2/2 levels left

rFire   . . .      SeeInvis .   a - +1 war axe
rCold   . . .      Faith    .   c - +0 buckler
rNeg    . . .      Spirit   .   f - +2 ring mail {Will+}
rPois   .          Reflect  .   (no helmet)
rElec   .          Harm     .   (no cloak)
rCorr   .          Rampage  .   (no gloves)
Will    +....                   (no boots)
Stlth   ..........              (no amulet)
HPRegen 0.11/turn               (no ring)
MPRegen 0.08/turn               (no ring)

@: lethally poisoned (0 -> -2)
A: no striking features
a: no special abilities


You were on level 2 of the Dungeon.
You visited 1 branch of the dungeon, and saw 2 of its levels.

You collected 67 gold pieces.

Inventory:

Hand Weapons
 a - a +1 war axe (weapon)
Missiles
 e - 39 stones (quivered)
Armour
 b - a +0 scale mail
 c - a +0 buckler (worn)
 f - a +2 ring mail of willpower (worn)
Scrolls
 l - a scroll of acquirement {unknown}
 m - a scroll of amnesia {unknown}
Potions
 d - 2 potions of might
 g - a potion of heal wounds
 j - a potion of degeneration {unknown}


   Skills:
 + Level 3.9 Fighting
 + Level 3.5 Axes
 + Level 3.7 Armour
 + Level 0.1 Dodging
 + Level 3.4 Shields


You had 2 spell levels left.
You didn't know any spells.
Your spell library contained the following spells:

 Spells                   Type           Power      Damage    Failure   Level
 Call Canine Familiar     Summ           0%         N/A       95%         3
 Portal Projectile        Hex/Tloc       0%         N/A       95%         3
 Leda's Liquefaction      Hex/Erth       0%         N/A       100%        4


Dungeon Overview and Level Annotations

Branches:
Dungeon (2/15)

Altars:
Makhleb


Message History

You slash the kobold!
You kill the kobold!
You see here a +0 dagger.
You see here a +0 dagger.
An adder comes into view.
As you read the scroll labelled QOMU CUYN HUW, it crumbles to dust.
It is a scroll of identify.
g - a potion of heal wounds
As you read the scroll labelled QOECKA DENGEO, it crumbles to dust.
It is a scroll of enchant weapon.
Your +0 war axe glows red for a moment.
As you read the scroll labelled VUINADEONUOGH, it crumbles to dust.
You hear a loud clanging noise!
It was a scroll of noise.
The adder closely misses you.
You miss the adder. The adder bites you.
The adder bites you but does no damage.
You barely miss the adder. The adder barely misses you.
You closely miss the adder. The adder bites you. The adder closely misses you.
You barely miss the adder. The adder bites you but does no damage.
The adder barely misses you.
You barely miss the adder. The adder bites you but does no damage.
The adder misses you.
You closely miss the adder. The adder bites you but does no damage.
You barely miss the adder. The adder bites you but does no damage.
The adder bites you.
You closely miss the adder. The adder bites you.
* * * LOW HITPOINT WARNING * * *
You are poisoned.
The adder poisons you! The adder bites you but does no damage.
You closely miss the adder.
* * * LOW HITPOINT WARNING * * *
You feel sick. The adder barely misses you.
The adder bites you but does no damage.
You closely miss the adder.
* * * LOW HITPOINT WARNING * * *
You feel sick. The adder bites you.
* * * LOW HITPOINT WARNING * * *
The adder bites you.
You die...

#......##.......
#......##.......
###......##.......
#........#........
#...).............
#.......##.##.....
#...#..#.~.~.#....
#.....#..~.~..#...
#@S..#~~~~.~~~~#..
#...#..~.~≈~.~..#.
#...#...~≈_≈~...#.
#...#...~≈.≈~...#.
#...#...~.≈.
#...#..~.~.~
####.#~.~...
#..~.... #.


You could see an adder.

Vanquished Creatures
  An adder (D:2)
  A worm (D:2)
  2 endoplasms (D:2)
  4 goblins
  2 hobgoblins
  A kobold (D:2)
  2 ball pythons
  2 frilled lizards (D:1)
  4 rats (D:1)
19 creatures vanquished.

Vanquished Creatures (others)
  A fungus (D:2)
1 creature vanquished.

Grand Total: 20 creatures vanquished

Notes
Turn   | Place    | Note
-------+----------+-------------------------------------------
     0 | D:1      | awesomegowd the Hill Orc Fighter began the quest for the
                  | Orb.
     0 | D:1      | Reached XP level 1. HP: 19/19 MP: 1/1
   479 | D:1      | Reached XP level 2. HP: 27/27 MP: 2/2
  1064 | D:2      | Found a burning altar of Makhleb.
  1079 | D:2      | Reached XP level 3. HP: 19/33 MP: 3/3
  1097 | D:2      | Found a faded altar of an unknown god.
  1145 | D:2      | Slain by an adder

Illustrated notes

Levels and vault maps discovered:
D:1:      saegor_arrival_simple_d, layout_basic
D:2:      layout_basic, basic_altar, shapermc_ecumenical_altar_starsandcircs,
          minmay_worlds_worst_comb, uniq_crazy_yiuf_cottage

Skill      XL: |  1  2 |
---------------+-------+-----
Axes           | 3 |  3.5
Fighting       | |  3.9
Armour         | |  3.7
Dodging        | |  0.1
Shields        | |  3.4

Action                   || total
-------------------------++-------
Melee: War axe           ||    73
  Use: Scroll            ||     3
Armor: Ring mail         ||    37
Dodge: Dodged            ||    42
Block: Buckler           ||    22
